Map: Одиссея РВ

Players

Murena - Winner!

  • Race: Terran Terran
  • Spawn Location: 11:00

ИИ 1 (эксперт)

  • Race: Protoss Protoss
  • Spawn Location: 5:00

VOD

Have the link to the VOD?

Description

Time

  • Played on: April 15, 2019, 8:32 a.m.
  • Length: 7:05
Show
View Real Time Build Order
Export as new Build Order

Murena Terran - Winner!

Build Orders:  

Get SALT Encoding   

  12  0:01  SCV  
  13  0:13  SCV  
  14  0:19  Supply Depot  
  14  0:26  SCV  
  15  0:41  SCV, Barracks  
  16  0:53  Barracks  
  16  0:56  SCV  
  17  1:09  SCV  
  18  1:14  Barracks  
  18  1:21  SCV  
  18  1:25  Supply Depot  
  19  1:28  Marine  
  20  1:40  Refinery, SCV  
  20  1:41  Marine  
  20  1:46  Marine  
  23  1:53  Orbital Command  
  23  2:00  Marine  
  24  2:01  Marine  
  24  2:05  Marine  
  26  2:18  Marine  
  26  2:19  SCV, Supply Depot  
  26  2:21  Marine  
  29  2:23  Marine  
  30  2:34  Supply Depot  
  30  2:37  Barracks Reactor  
  30  2:38  SCV  
  30  2:41  Marine  
  30  2:42  Barracks Reactor  
  32  2:47  Refinery  
  32  2:53  SCV  
  32  2:56  Supply Depot  
  33  2:59  Barracks Tech Lab  
  33  3:05  SCV  
  34  3:13  Marine x2  
  34  3:18  Marine  
  34  3:19  Marine  
  38  3:20  Combat Shield, Marine  
  38  3:22  SCV  
  40  3:32  Marine x2  
  42  3:36  Marine  
  42  3:37  Marine  
  42  3:39  Marine  
  45  3:42  SCV  
  45  3:46  Supply Depot  
  46  3:51  Marine x2  
  46  3:55  Marine x2  
  50  3:57  Marine  
  50  3:58  SCV  
  52  4:06  Engineering Bay  
  52  4:09  Marine x2  
  54  4:13  Marine x2  
  54  4:15  Marine  
  54  4:16  SCV  
  58  4:27  Factory  
  58  4:29  SCV  
Show
View Real Time Build Order
Export as new Build Order

ИИ 1 (эксперт) Protoss 

Build Orders: Zealot Archon 

Get SALT Encoding   

  12  0:00  Probe  
  13  0:13  Probe  
  14  0:20  Pylon  
  14  0:25  Probe  
  15  0:34  Probe  
  15  0:42  Probe  
  16  0:47  Assimilator  
  17  0:50  Gateway  
  17  0:52  Probe  
  18  1:00  Probe  
  18  1:01  Pylon  
  18  1:08  Probe  
  20  1:18  Probe  
  21  1:36  Zealot  
  21  1:37  Gateway  
  21  1:39  Probe  
  24  1:41  Cybernetics Core  
  24  1:51  Pylon, Probe  
  25  1:55  Zealot  
  25  2:03  Assimilator  
  25  2:08  Probe  
  28  2:19  Warp Gate  
  28  2:20  Stalker  
  28  2:24  Stalker  
  32  2:36  Gateway  
  33  2:37  Probe  
  33  2:46  Pylon  
  33  2:52  Stalker  
  35  3:00  Stalker  
  35  3:02  Probe  
  38  3:22  Stalker  
  38  3:23  Stalker  
  42  3:30  Stalker  
  44  3:39  Pylon  
  44  3:45  Twilight Council  
  42  4:23  Templar Archives  
  42  4:45  Nexus  
  42  4:59  High Templar x2  
  46  5:02  Adept  
  48  5:13  Archon  
  48  5:20  Pylon  
  48  5:27  Zealot  
  42  5:29  Zealot  
  42  5:31  High Templar  
  30  5:44  Zealot  
  30  5:47  Zealot  
  26  6:00  Pylon  
  26  6:03  Pylon  
  26  6:05  Zealot  
  26  6:06  Pylon  
  26  6:25  Pylon  
  26  6:29  Pylon  
  26  6:30  Pylon  
  26  6:41  Pylon  
Tags
 
Composition
Zealot Archon
Matchup
ПvТ
Spawn Locations
Cross Positions
Add a new tag
Caveats
  • Supply blocks, unpowered buildings, or Contaminate may cause inaccurate times.
  • Supply counts are checked every 10 seconds.